 Dungeon Crawl Stone Soup version 0.20-a0-493-g19c8d8d (webtiles) character file.

1416 nono the Covered (level 9, 0/55 HPs)
             Began as a Halfling Fighter on Jan 17, 2017.
             Was an Initiate of Dithmenos.
             Slain by an ogre
             ... wielding a +0 giant club
              (14 damage)
             ... on level 5 of the Dungeon.
             The game lasted 00:13:53 (5993 turns).

nono the Covered (Halfling Fighter)                 Turns: 5993, Time: 00:13:54

Health: 0/55       AC: 10    Str: 19    XL:     9   Next: 2%
Magic:  9/9        EV:  9    Int:  7    God:    Dithmenos [......]
Gold:   255        SH: 11    Dex: 14    Spells: 8/8 levels left

rFire    . . .     SeeInvis .   a - +0 long sword
rCold    . . .     Gourm    .   b - +0 scale mail
rNeg     . . .     Faith    .   c - +0 shield
rPois    .         Spirit   .   d - +0 helmet
rElec    .         Reflect  .   j - +0 cloak
rCorr    .         Harm     .   (no gloves)
MR       .....                  (no boots)
Stlth    ..........             q - amulet of magic regeneration
Regen    0.2/turn               (no ring)
                                (no ring)

@: no status effects
A: mutation resistance 1
a: Renounce Religion


You were on level 5 of the Dungeon.
You worshipped Dithmenos.
Dithmenos was noncommittal.
You were not hungry.

You visited 1 branch of the dungeon, and saw 6 of its levels.

You collected 255 gold pieces.

Inventory:

Hand Weapons
 a - a +0 long sword (weapon)
 p - a +0 short sword of speed
Armour
 b - a +0 scale mail (worn)
 c - a +0 shield (worn)
 d - a +0 helmet (worn)
 j - a +0 cloak (worn)
Jewellery
 q - an amulet of magic regeneration (around neck)
Wands
 m - a wand of confusion (22/48)
Scrolls
 g - a scroll of enchant armour {unknown}
 h - 3 scrolls of enchant weapon {unknown}
 i - a scroll of identify
 k - a scroll of fear {unknown}
 o - a scroll of recharging {unknown}
 r - a scroll of blinking {unknown}
 t - a scroll of teleportation {unknown}
 w - a scroll of remove curse {unknown}
Potions
 e - 4 potions of curing
 l - a potion of magic
 n - a potion of brilliance {unknown}
 s - a potion of flight
 u - a potion of ambrosia {unknown}
 v - 2 potions of berserk rage {unknown}
 x - a potion of haste
 A - a potion of heal wounds
Comestibles
 f - 4 bread rations
 z - 3 chunks of flesh
 B - 2 meat rations


   Skills:
 - Level 2.6 Fighting
 + Level 6.2 Long Blades
 + Level 7.5 Armour
 + Level 7.2 Shields


You had 8 spell levels left.
You didn't know any spells.

Dungeon Overview and Level Annotations

Branches:
Dungeon (6/15)             Temple (0/1) D:4

Altars:
Ashenzari
Cheibriados
Dithmenos
Hepliaklqana
Vehumet
The Shining One

Annotations:
D:5 Prince Ribbit


Innate Abilities, Weirdness & Mutations

You are small and have problems with some larger weapons.
You are somewhat resistant to further mutation.


Message History

An ogre is nearby!
The ogre shouts!
You slash the ogre!
The ogre is moderately wounded.
You block the ogre's attack.
You slash the ogre!
The ogre is severely wounded.
You block the ogre's attack.
You barely miss the ogre.
The ogre is severely wounded.
The ogre hits you with a giant club!
You barely miss the ogre.
The ogre is severely wounded.
The ogre hits you with a giant club!!
* * * LOW HITPOINT WARNING * * *
Unknown command.
You hit the ogre.
The ogre is severely wounded.
The ogre hits you with a giant club!
You die...

.#................# #.##.##?#...
.##.......####.#### #....$..##..
.###.....## ##.## ####.######. .#
##...## #...# #.# ## .#####.##
#...# ####.#### ...# ### #...#
#.......# ##.# #...######.##.##.#
##.# ######......p[..##.##.#
...#####........@O.....#...#.##..
.รท................<..........?...
....####..............##...####..
).#.# ######....####.###..# #<#.#
#.........##..p# ##..#
#...########...# ##.# #...#
##...#### ##.##
#..>#######......... #.##
##..O...F.....#.....


You could see an ogre and a neutral freed slave (wandering).

Vanquished Creatures
  Pikel (D:4)
  A sky beast (D:4)
  2 phantoms
  A bullfrog (D:6)
  A howler monkey (D:5)
  A crimson imp (D:6)
  2 centaur zombies
  A hound (D:5)
  Natasha (thrice) (D:3)
  An iguana (D:4)
  5 worker ants
  An orc wizard (D:4)
  Robin (D:3)
  10 adders
  A shadow imp (D:3)
  An ooze (D:3)
  3 worms
  A dart slug (D:1)
  4 leopard geckos
  4 orcs
  2 ball pythons (D:3)
  7 giant cockroaches
  12 goblins
  9 hobgoblins
  16 jackals
  2 quokkas
  8 bats
  4 frilled lizards
  5 kobolds
  10 rats
120 creatures vanquished.

Vanquished Creatures (others)
  2 slaves (D:5)
  An ogre (D:5)
  A hound (D:5)
  A frilled lizard (D:5)
  A jackal skeleton (D:5)
6 creatures vanquished.

Grand Total: 126 creatures vanquished

Notes
Turn   | Place    | Note
-------+----------+-------------------------------------------
     0 | D:1      | nono the Halfling Fighter began the quest for the Orb.
     0 | D:1      | Reached XP level 1. HP: 15/15 MP: 1/1
    47 | D:1      | Reached XP level 2. HP: 18/20 MP: 2/2
   130 | D:1      | Reached XP level 3. HP: 16/25 MP: 3/3
   518 | D:2      | Reached XP level 4. HP: 30/30 MP: 4/4
   971 | D:2      | Found a glowing golden altar of the Shining One.
  1387 | D:2      | Found a radiant altar of Vehumet.
  1696 | D:3      | Reached XP level 5. HP: 23/35 MP: 5/5
  2211 | D:3      | Found a shattered altar of Ashenzari.
  2222 | D:3      | Noticed Natasha
  2508 | D:3      | Killed Natasha
  2555 | D:3      | Reached XP level 6. HP: 34/41 MP: 6/6
  2667 | D:3      | Noticed Natasha
  2993 | D:3      | Killed Natasha
  2993 | D:3      | Reached skill level 5 in Armour
  3057 | D:3      | Noticed Robin
  3067 | D:3      | Noticed Natasha
  3071 | D:3      | Killed Robin
  3077 | D:3      | Killed Natasha
  3123 | D:3      | Found a snail-covered altar of Cheibriados.
  3567 | D:4      | Found a shadowy altar of Dithmenos.
  3573 | D:4      | Became a worshipper of Dithmenos the Shadowed
  3595 | D:4      | Reached skill level 5 in Shields
  3679 | D:4      | Found a staircase to the Ecumenical Temple.
  3865 | D:4      | Reached XP level 7. HP: 29/45 MP: 7/7
  4540 | D:4      | Found a hazy altar of Hepliaklqana.
  4579 | D:5      | Entered Level 5 of the Dungeon
  4987 | D:4      | Reached skill level 5 in Long Blades
  5015 | D:5      | Noticed Pikel
  5059 | D:4      | Killed Pikel
  5059 | D:4      | Reached XP level 8. HP: 24/51 MP: 8/8
  5302 | D:5      | Noticed Prince Ribbit
  5667 | D:6      | Reached XP level 9. HP: 55/55 MP: 9/9
  5993 | D:5      | Slain by an ogre

Vault maps used:
D:1:      ncdulo_lavacross
D:2:      vehumet_crystals, tso_oasis_becter, first_bread
D:3:      lemuel_doored_altar, ashenzari_altar_1, uniq_natasha, uniq_robin
D:4:      kennysheep_mini, grunt_dithmenos_smoke_and_mirrors,
          minmay_misc_feat_square
D:5:      uniq_prince_ribbit1, uniq_pikel, uniq_sigmund
D:6:      lemuel_crystal_altar, kennysheep_mini_moat,
          lemuel_coloured_pillars_altar, minmay_unpleasant_kobolds

Skill      XL: |  1  2  3  4  5  6  7  8 |
---------------+-------------------------+-----
Long Blades    | 3 4 5 6 |  6.2
Armour         | 4 5 7 |  7.5
Shields        | 4 5 6 7 |  7.2
Fighting       | |  2.6

Action                   |  1- 3 |  4- 6 |  7- 9 || total
-------------------------+-------+-------+-------++-------
Melee: Long sword        |    94 |   310 |   226 ||   630
       Short sword       |       |    25 |       ||    25
Evoke: Wand              |       |       |     1 ||     1
  Use: Potion            |       |     2 |     1 ||     3
       Scroll            |       |       |     3 ||     3
  Eat: Chunk             |       |    10 |     2 ||    12
       Beef jerky        |       |       |     1 ||     1
       Bread ration      |       |       |     1 ||     1
Armor: Scale mail        |    47 |   148 |    86 ||   281
Dodge: Dodged            |    18 |   124 |    76 ||   218
Block: Shield            |    59 |   174 |   108 ||   341
       Rpst.: Long sword |     4 |    37 |    30 ||    71
